 Dungeon Crawl Stone Soup version 0.31-a0-557-g6e16503903 (webtiles) character file.

Game seed: 7647526648922613887

648 Turgor the Changeling (level 7, 0/54 HPs)
             Began as a Merfolk Shapeshifter on Aug 16, 2023.
             Was a Believer of Ru.
             Slain by Ijyb
             ... wielding a +5 club
              (2 damage)
             ... on level 4 of the Dungeon.
             The game lasted 00:15:27 (3595 turns).

Turgor the Changeling (Merfolk Shapeshifter)        Turns: 3595, Time: 00:15:28

Health: 0/54       AC:  6    Str: 17    XL:     7   Next: 53%
Magic:  7/7        EV: 14    Int:  7    God:    Ru [**....]
Gold:   322        SH:  0    Dex: 15    Spells: 6/6 levels left

rFire   . .          .
                       - Unarmed
rCold   . . .        (shield unavailable)
rNeg    . . .        v - +3 leather armour
rPois   .            (helmet currently unavailable)
rElec   .            (cloak currently unavailable)
rCorr   .            (gloves currently unavailable)
SInv    .            (boots currently unavailable)
Will    +....        (no amulet)
Stlth   +            (ring unavailable)
HPRegen 0.29/turn    (no ring)
MPRegen 0.10/turn

%: no passive effects
@: beast-form, enlightened, flying
A: beast (slay +3), missing a hand, (nimble swimmer 2), mertail
a: Begin Untransformation, Renounce Religion


You were on level 4 of the Dungeon.
You worshipped Ru.
Ru was pleased with you.
You were a hulking beast.
You visited 1 branch of the dungeon, and saw 4 of its levels.
You also visited: Sewer.

You collected 322 gold pieces.

Inventory:

Hand Weapons
 g - a +0 dagger of freezing
 h - a +0 dagger of venom
 l - the +4 long sword "Ychebef" {heavy, rElec rF- rCorr Int-4}
   (You found it in a sewer)

   Int-4:     It affects your intelligence (-4).
   rF-:       It makes you vulnerable to fire.
   rElec:     It insulates you from electricity.
   rCorr:     It protects you from acid and corrosion.
 t - a +0 sling
Missiles
 e - 13 poisoned darts (quivered)
 o - 19 stones
Armour
 n - a +0 cloak
 v - a +3 leather armour (worn)
Magical Staves
 f - a staff of air
Talismans
 c - a beast talisman (active)
 d - a flux talisman
Wands
 j - a wand of flame (1)
Scrolls
 m - a scroll of vulnerability {unknown}
 r - a scroll of teleportation {unknown}
 s - a scroll of poison {unknown}
 u - a scroll of fog {unknown}
Potions
 b - a potion of lignification
 k - a potion of enlightenment
 p - a potion of might
 q - a potion of mutation {unknown}


   Skills:
 + Level 4.3 Fighting
 * Level 0.3 Armour
 + Level 5.7 Dodging
 + Level 5.3 Unarmed Combat
 * Level 5.9 Shapeshifting


You had 6 spell levels left.
You didn't know any spells.
Your spell library contained the following spells:

 Spells                   Type           Power      Damage    Failure   Level
 Cigotuvi's Dreadful Rot  Necr/Pois/Air  0%         N/A       63%         2
 Dazzling Flash           Conj/Hex       0%         N/A       86%         3
 Ignite Poison            Fire/Tmut/Pois 0%         N/A       86%         3
 Volatile Blastmotes      Fire/Tloc      0%         2d10      86%         3
 Passage of Golubria      Tloc           0%         N/A       99%         4
 Freezing Cloud           Conj/Ice/Air   0%         6-21      100%        5
 Silence                  Hex/Air        0%         N/A       100%        5
 Starburst                Conj/Fire      0%         6d3       100%        6
 Lehudib's Crystal Spear  Conj/Erth      0%         10d2      100%        8
 Maxwell's Capacitive Co  Air            0%         ∞         100%        8


Dungeon Overview and Level Annotations

Branches:
Dungeon (4/15)              Sewer (visited)
 Temple: D:4-7

Altars:
Nemelex Xobeh
Okawaru
Ru

Shops:
D:3 [

Annotations:
D:4 Ijyb


Innate Abilities, Weirdness & Mutations

You are a hulking beast.
Your limbs bulge with bestial killing power. (Slay +3)
You are missing a hand.
((You are very nimble when in or above water. (Stealth+, EV+, Speed+++)))
Your lower body shifts to a powerful aquatic tail in water.


Message History

Ijyb misses you.
You hit Ijyb but do no damage.
Ijyb is severely wounded.
Ijyb screams, "I dance on your bones!" Ijyb hits you with a +5 club!
You hit Ijyb but do no damage.
Ijyb is severely wounded.
You closely miss Ijyb.
Ijyb is severely wounded.
Ijyb hits you but does no damage.
You hit Ijyb but do no damage.
Ijyb is severely wounded.
Ijyb hits you with a +5 club.
You hit Ijyb but do no damage.
Ijyb is severely wounded.
You redirect Ijyb's attack!
Ijyb hits herself but does no damage.
You hit Ijyb but do no damage.
Ijyb is severely wounded.
Ijyb hits you with a +5 club!
* * * LOW HITPOINT WARNING * * *
You hit Ijyb but do no damage.
Ijyb is severely wounded.
Ijyb barely misses you.
You closely miss Ijyb.
Ijyb is severely wounded.
Ijyb hits you with a +5 club.
* * * LOW HITPOINT WARNING * * *
You hit Ijyb but do no damage.
Ijyb is severely wounded.
Ijyb hits you with a +5 club.
* * * LOW HITPOINT WARNING * * *
You hit Ijyb.
Ijyb is almost dead.
Ijyb hits you with a +5 club.
* * * LOW HITPOINT WARNING * * *
It was a potion of enlightenment.
You feel very buoyant.
You fly up into the air.
Ijyb hits you with a +5 club.
You die...

..###.........###
....))##........#
....)####..#.##.#
....[# ##.##.#.#
.....# #.#.##.###
###..#
#.##.#...## #..#
#.........#
###..#
#.######..#
.##..# #.## #h.##
.####. #. #g## ##
... ..# # . .###
.# .# .# ##


You could see Ijyb.

Vanquished Creatures
  Sigmund (D:4)
  Menkaure (D:4)
  A water moccasin (Sewer)
  An ice beast (D:4)
  A hound (D:4)
  An orc priest (D:4)
  An orc wizard (D:4)
  2 adders
  2 worms
  A dart slug (D:3)
  2 orcs (D:4)
  7 endoplasms
  4 giant cockroaches
  16 goblins
  8 hobgoblins
  4 jackals (D:1)
  4 kobolds
  2 quokkas (D:1)
  8 ball pythons
  6 bats
  5 frilled lizards
  6 rats
84 creatures vanquished.

Notes
Turn   | Place    | Note
-------+----------+-------------------------------------------
     0 | D:1      | Turgor the Merfolk Shapeshifter began the quest for the
                  | Orb.
     0 | D:1      | Reached XP level 1. HP: 15/15 MP: 1/1
   274 | D:1      | Reached XP level 2. HP: 21/21 MP: 2/2
   840 | D:2      | Reached XP level 3. HP: 27/27 MP: 3/3
  1520 | D:3      | Found a sacrificial altar of Ru.
  1530 | D:3      | Became a worshipper of Ru the Awakened
  1535 | D:3      | Reached XP level 4. HP: 33/33 MP: 4/4
  1575 | D:3      | Found a glowing drain.
  1580 | Sewer    | Entered a sewer
  1621 | Sewer    | Noticed a water moccasin
  1631 | Sewer    | Killed a water moccasin
  1632 | Sewer    | Reached XP level 5. HP: 40/40 MP: 5/5
  1642 | Sewer    | Identified the +4 long sword "Ychebef" {heavy, rElec rF-
                  | rCorr Int-4}
  1915 | D:3      | Found Xuatteta's Armour Emporium.
  2104 | D:3      | Found a faded altar of an unknown god.
  2168 | D:3      | Found an iron altar of Okawaru.
  2392 | D:4      | Reached skill level 5 in Shapeshifting
  2567 | D:4      | Gained mutation: You are missing a hand. [Ru sacrifice]
  2567 | D:4      | Reached * piety under Ru
  2567 | D:4      | Reached ** piety under Ru
  2592 | D:4      | Noticed Menkaure
  2846 | D:4      | Noticed Sigmund
  2855 | D:4      | Killed Sigmund
  2856 | D:4      | Reached XP level 6. HP: 33/47 MP: 6/6
  2933 | D:4      | Noticed an ice beast
  2938 | D:4      | Killed an ice beast
  2939 | D:4      | Reached skill level 5 in Dodging
  2939 | D:4      | Reached skill level 5 in Unarmed Combat
  3118 | D:4      | Reached XP level 7. HP: 53/53 MP: 7/7
  3179 | D:4      | Found a sparkling altar of Nemelex Xobeh.
  3399 | D:4      | Killed Menkaure
  3576 | D:4      | Noticed Ijyb
  3594 | D:4      | HP: 2/54 [Ijyb/+5 club (6)]
  3595 | D:4      | Slain by Ijyb

Illustrated notes

Levels and vault maps discovered:
D:1:      wander_arrival_abandoned_jail, layout_basic
D:2:      layout_loops_ring, moated_statue, st_stairs_9
D:3:      layout_basic, lemuel_crystal_altar, nicolae_ru_awakened_eye,
          portal_sewer_entry_e, dilly_ecumenical_altar_fadedgnrine,
          serial_shops, shop
D:4:      cheibrodos_greedy_goblins, layout_layer_cave,
          nemelex_xobeh_ov_fountains_minmay, minmay_misc_feat_tiny,
          uniq_sigmund, uniq_menkaure, uniq_ijyb

Skill      XL: |  1  2  3  4  5  6  7 |
---------------+----------------------+-----
Dodging        | 3 4 5 |  5.7
Fighting       | 2 3 4 |  4.3
Unarmed Combat | 4 5 |  5.3
Shapeshifting  | 5 |  5.9
Armour         | |  0.3

Action                     |  1- 3 |  4- 6 |  7- 9 || total
---------------------------+-------+-------+-------++-------
  Melee: Unarmed           |   102 |    68 |    49 ||   219
         Punch             |     1 |     2 |       ||     3
 Invoke: Sacrifice a Hand  |       |     1 |       ||     1
  Evoke: Wand              |       |     5 |     4 ||     9
    Use: Scroll            |     2 |     2 |       ||     4
         Potion            |       |     2 |     1 ||     3
   Stab: Sleeping          |     3 |     2 |       ||     5
         Invisible         |       |       |     1 ||     1
 Armour: Animal skin       |    11 |     5 |     1 ||    17
         Leather armour    |       |       |     2 ||     2
  Dodge: Dodged            |    55 |    41 |    26 ||   122

Table legend: (Time is in decaauts)
 A = Elapsed time spent in this place.
 B = Non-inter-level travel time spent in this place.
 C = Inter-level travel time spent in this place.
 D = Time resting spent in this place.
 E = Time spent auto-exploring this place.
 F = Levels seen in this place.
 G = Mean time per level.
                   A        B        C        D        E       F      G
               +--------+--------+--------+--------+--------+-----+--------+
         Total |   3594 |   3491 |    103 |     60 |   2509 |   5 |  718.8 |
       Dungeon |   3496 |   3393 |    103 |     60 |   2497 |   4 |  874.0 |
         Sewer |     98 |     98 |      0 |      0 |     12 |   1 |   98.0 |
               +--------+--------+--------+--------+--------+-----+--------+

Top non-repeatable levels by time:
     D:4: 1227 daAuts
     D:1: 774 daAuts
     D:3: 768 daAuts
     D:2: 725 daAuts
   Sewer: 98 daAuts
